 Dungeon Sprint DCSS version 0.30-a0-272-gf98c3da03f (webtiles) character file.

Game seed: 11345613902186984126

3367 rocky1 the Fighter (level 10, -4/121 HPs)
             Began as a Djinni Fire Elementalist on Oct 16, 2022.
             Was an Initiate of Gozag.
             Slain by an orc knight
             ... wielding a +0 great sword
              (23 damage)
             ... in the Dungeon (Sprint III: "The Ten Rune Challenge").
             The game lasted 00:08:51 (1488 turns).

rocky1 the Fighter (Djinni Fire Elementalist)       Turns: 1488, Time: 00:08:52

Health: -4/121     AC:  4    Str:  7    XL:     10   Next: 23%
Gold:   2417       EV: 17    Int: 20    God:    Gozag SH:  0 Dex: 15

rFire   + + .      SeeInvis .    r - +2 long sword (holy)
rCold   x . .      Faith    .    (no shield)
rNeg    . . .      Spirit   .    a - +0 robe
rPois   ∞          Reflect  .    (no helmet)
rElec   .          Harm     .    k - +0 cloak
rCorr   .          Rampage  .    (no gloves)
Will    +....      NoTele   +    (boots unavailable)
Stlth   ..........               (no amulet)
HPRegen 0.40/turn                (no ring)
MPRegen 0.00/turn                (no ring)

@: berserking (expiring), gold aura, flying, very quick
A: sickness immunity, fire resistance 2, cold vulnerability 1, float, innate
caster, HP casting, extra vitality 1
a: Renounce Religion, Potion Petition, Call Merchant, Bribe Branch


You were in the Dungeon.
You worshipped Gozag.
Gozag was most pleased with you.
You visited 1 branch You collected 3422 gold pieces.
You paid 1005 gold pieces to Gozag.

Inventory:

Hand Weapons
 r - a +2 long sword of holy wrath (weapon)
Armour
 a - a +0 robe (worn)
 g - a +0 ring mail
 k - a +0 cloak (worn)
Wands
 h - a wand of flame (30)
 j - a wand of roots (6)
Scrolls
 f - a scroll of blinking
 m - 2 scrolls of immolation {unknown}
 n - 3 scrolls of identify
Potions
 b - 2 potions of curing
 d - a potion of haste
 e - 2 potions of berserk rage
 i - a potion of ambrosia {unknown}
 l - 2 potions of mutation {unknown}
 o - a potion of attraction {unknown}
 p - a potion of degeneration {unknown}
 q - a potion of flight {unknown}
Miscellaneous
 s - a lightning rod (4/4)


   Skills:
 + Level 10.5 Fighting
 + Level 5.9 Long Blades
 + Level 8.8 Armour
 + Level 9.9 Dodging
 + Level 8.2 Stealth
 + Level 8.5 Spellcasting
 + Level 5.6 Evocations


You had 3 spell levels left.
You knew the following spells:

 Your Spells              Type           Power      Damage    Failure   Level
a - Foxfire               Conj/Fire      100%       2x1d9     1%          1
b - Scorch                Fire           84%        2d9       1%          2
c - Kindle Blastsparks    Fire/Tloc/Air  84%        2d17      1%          3
d - Inner Flame           Hex/Fire       42%        N/A       1%          3
e - Flame Wave            Conj/Fire      42%        2d11      2%          4
f - Beastly Appendage     Tmut           84%        N/A       1%          1
g - Ensorcelled Hibernat  Hex/Ice        84%        N/A       1%          2
h - Hailstorm             Conj/Ice       42%        3d10      1%          3
i - Summon Ice Beast      Ice/Summ       42%        N/A       2%          4
Your spell library was empty.

Dungeon Overview and Level Annotations

Branches:
Dungeon (1/1)

Altars:
Cheibriados
Dithmenos
Elyvilon
Fedhas
Gozag
Hepliaklqana
Makhleb
Nemelex Xobeh
Okawaru
Qazlal
Ru
Trog
Uskayaw
Wu Jian
Xom
Yredelemnul
Zin
The Shining One
Jiyva
Lugonu

Shops:
D ?

Annotations:
D Erolcha


Innate Abilities, Weirdness & Mutations

You are immune to sickness and miasma.
You are immune to poison.
Your flesh is very heat resistant. (rF++)
You are vulnerable to cold. (rC-)
You float through the air rather than walking.
You learn spells naturally, not from books.
Your magical power is your life essence.
You have superior vitality. (+4 MHP)


Message History

Unknown command.
You swap places.
There is an open door, spattered with blood here.
Things that are here:
288 gold pieces; a +0 giant club; a +0 giant spiked club You barely miss the orc knight.
The orc knight hits you with a +0 great sword!!
You hit the orc knight.
The orc knight is lightly wounded.
The orc knight hits you with a +0 great sword!
* * * LOW HITPOINT WARNING * * *
You closely miss the orc knight.
You punch the orc knight, but do no damage.
The orc knight is lightly wounded.
The orc knight is distracted by your dazzling golden aura.
You catch the helpless orc knight completely off-guard!
You hit the orc knight.
The orc knight is no longer distracted by gold.
The orc knight is lightly wounded.
You hit the orc knight.
The orc knight is lightly wounded.
The orc knight is distracted by your dazzling golden aura.
You catch the helpless orc knight completely off-guard!
You hit the orc knight.
The orc knight is no longer distracted by gold.
The orc knight is lightly wounded.
The orc knight hits you with a +0 great sword!
* * * LOW HITPOINT WARNING * * *
You hit the orc knight.
The orc knight is lightly wounded.
You hit the orc knight but do no damage.
The orc knight is lightly wounded.
The orc knight is distracted by your dazzling golden aura.
You catch the helpless orc knight completely off-guard!
You slash the orc knight!
The orc knight is no longer distracted by gold.
The orc knight is moderately wounded.
The orc knight hits you with a +0 great sword!!
You die...
Your body crumbles into a pile of gold.

+##.$.$.)...# $
..#$........# $
..#$##...#.#.# $
#)#)##.#######
.)#'############## ###
.)#)...#.#.#.....# ....
..##.#..#.##.###.# ..^..
..)##)#.#.##)#..##.....^
..#)))#..#..##.Y@o^...^^
▓▓▓▓▓▓▓▓▓▓▓▓▓▓▓▓#.......
....... ..^...^ .^.....
#+##### $$ $$


You could see an orc knight (ally target) and a friendly ice beast (summoned).

Vanquished Creatures
  An orc knight (D)
  An orc sorcerer (D)
  A deep elf pyromancer (D)
  A shadow (D)
  A redback (D)
  A spatial vortex (D)
  An orc warrior (D)
  5 two-headed ogres (D)
  A necrophage (D)
  A water elemental (D)
  Crazy Yiuf (D)
  A jelly (D)
  4 orc priests (D)
  A wizard (D)
  Jessica (D)
  A necromancer (D)
  2 orc wizards (D)
  A kobold demonologist (D)
  3 humans (D)
  8 orcs (D)
  An endoplasm (D)
  2 rats (D)
40 creatures vanquished.

Vanquished Creatures (collateral kills)
  A redback (D)
1 creature vanquished.

Vanquished Creatures (others)
  43 foxfires (D)
43 creatures vanquished.

Grand Total: 84 creatures vanquished

Notes
Turn   | Place    | Note
-------+----------+-------------------------------------------
     0 | D        | rocky1 the Djinni Fire Elementalist began the quest for the
                  | Orb.
     0 | D        | rocky1 set off with the following spells memorised:
                  | Foxfire, Scorch, Kindle Blastsparks, Inner Flame, Flame
                  | Wave.
     0 | D        | Reached XP level 1. HP: 15/15 MP: 0/0
     7 | D        | Reached skill level 1 in Fighting
    17 | D        | Noticed Jessica
    22 | D        | Killed Jessica
    23 | D        | Reached skill level 4 in Fighting
    23 | D        | Reached XP level 2. HP: 18/26 MP: 0/0
    23 | D        | Reached XP level 3. HP: 21/31 MP: 0/0
    23 | D        | Learned a level 1 spell: Beastly Appendage
    87 | D        | Noticed Crazy Yiuf
    92 | D        | Killed Crazy Yiuf
    93 | D        | Reached skill level 5 in Fighting
    93 | D        | Reached skill level 5 in Spellcasting
    93 | D        | Reached XP level 4. HP: 30/39 MP: 0/0
   165 | D        | Noticed a water elemental
   167 | D        | Killed a water elemental
   168 | D        | Reached skill level 6 in Fighting
   168 | D        | Reached XP level 5. HP: 41/45 MP: 0/0
   168 | D        | Learned a level 2 spell: Ensorcelled Hibernation
   186 | D        | Found a glowing silver altar of Zin.
   186 | D        | Found a glowing golden altar of the Shining One.
   186 | D        | Found a white marble altar of Elyvilon.
   186 | D        | Noticed a deep elf pyromancer
   189 | D        | Killed a deep elf pyromancer
   190 | D        | Reached skill level 8 in Fighting
   190 | D        | Reached skill level 5 in Armour
   190 | D        | Reached skill level 5 in Stealth
   190 | D        | Reached XP level 6. HP: 48/54 MP: 0/0
   190 | D        | Reached XP level 7. HP: 52/59 MP: 0/0
   190 | D        | Learned a level 3 spell: Hailstorm
   231 | D        | Noticed a shadow
   235 | D        | Killed a shadow
   236 | D        | Reached skill level 1 in Long Blades
   236 | D        | Reached XP level 8. HP: 58/66 MP: 0/0
   335 | D        | Found a blossoming altar of Fedhas.
   335 | D        | Found a stormy altar of Qazlal.
   335 | D        | Found a snail-covered altar of Cheibriados.
   335 | D        | Found a burning altar of Makhleb.
   335 | D        | Found a shimmering altar of Xom.
   336 | D        | Found a hazy altar of Hepliaklqana.
   336 | D        | Found an opulent altar of Gozag.
   336 | D        | Found a sparkling altar of Nemelex Xobeh.
   336 | D        | Found a corrupted altar of Lugonu.
   336 | D        | Found a viscous altar of Jiyva.
   343 | D        | Became a worshipper of Gozag Ym Sagoz the Greedy
   468 | D        | Found a basalt altar of Yredelemnul.
   468 | D        | Found a shadowy altar of Dithmenos.
   468 | D        | Found a sacrificial altar of Ru.
   486 | D        | Found a hide-covered altar of Uskayaw.
   486 | D        | Found an iron altar of Okawaru.
   486 | D        | Found a bloodstained altar of Trog.
   486 | D        | Found an ornate altar of the Wu Jian Council.
   486 | D        | Noticed a human
   488 | D        | Noticed a human
   491 | D        | Killed a human
   492 | D        | Reached skill level 1 in Evocations
   493 | D        | Killed a human
   494 | D        | Reached skill level 9 in Fighting
   633 | D        | Reached XP level 9. HP: 41/72 MP: 0/0
   633 | D        | Learned a level 4 spell: Summon Ice Beast
   784 | D        | Noticed a two-headed ogre
   790 | D        | Killed a two-headed ogre
   955 | D        | Noticed an orc knight
   986 | D        | Killed an orc knight
   987 | D        | Reached skill level 5 in Long Blades
  1124 | D        | Reached skill level 10 in Fighting
  1210 | D        | Found Liuxod's Magic Scroll Boutique.
  1229 | D        | Noticed an orc sorcerer
  1232 | D        | Noticed an orange demon
  1236 | D        | Noticed a smoke demon
  1250 | D        | Killed an orc sorcerer
  1251 | D        | Reached skill level 5 in Evocations
  1251 | D        | Reached XP level 10. HP: 24/80 MP: 0/0
  1452 | D        | Noticed Erolcha
  1467 | D        | Noticed an orc knight
  1488 | D        | Slain by an orc knight

Illustrated notes

Levels and vault maps discovered:
D:        dungeon_sprint_mu [sprint_mu_entry_forest, sprint_mu_temple_rooms,
          sprint_mu_d1_spiders, sprint_mu_d2_genie, sprint_mu_d3_branching,
          sprint_mu_orc_legion, sprint_mu_elf_gauntlet, sprint_mu_hive_nellie,
          sprint_mu_lair_fedhas, sprint_mu_vaults_butterflies,
          sprint_mu_slime_circle, sprint_mu_shoals_archi,
          sprint_mu_snake_twists, sprint_mu_blade_basic,
          sprint_mu_crypt_fortress, sprint_mu_tomb_spiral,
          sprint_mu_vestibule_basic, sprint_mu_gehenna_hellfire,
          sprint_mu_dis_giant, sprint_mu_tartarus_statrot,
          sprint_mu_cocytus_islands, sprint_mu_zot1]

Skill      XL: |  1  2  3  4  5  6  7  8  9 10 |
---------------+-------------------------------+-----
Fighting       | 4 5 6 8 9 10 | 10.5
Spellcasting   | 4 5 6 7 8 |  8.5
Armour         | 2 5 6 7 8 |  8.8
Dodging        | 3 6 7 8 9 |  9.9
Stealth        | 2 5 6 7 8 |  8.2
Long Blades    | 1 3 5 |  5.9
Evocations     | 2 5 |  5.6

Action                   |  1- 3 |  4- 6 |  7- 9 | 10-12 || total
-------------------------+-------+-------+-------+-------++-------
Melee: Long sword        |       |       |    40 |    11 ||    51
       Punch             |       |       |       |     1 ||     1
 Cast: Foxfire           |    17 |       |     9 |       ||    26
       Scorch            |       |     5 |    58 |     6 ||    69
       Flame Wave        |       |       |     2 |       ||     2
       Summon Ice Beast  |       |       |       |     2 ||     2
Invok: Potion Petition   |       |       |     3 |     1 ||     4
Evoke: Wand              |       |       |     1 |       ||     1
  Use: Potion            |       |       |     3 |       ||     3
 Stab: Sleeping          |       |       |     1 |       ||     1
       Distracted        |       |       |       |     3 ||     3
Armor: Robe              |       |       |     5 |       ||     5
Dodge: Dodged            |     1 |       |    48 |     6 ||    55

Table legend: (Time is in decaauts)
 A = Elapsed time spent in this place.
 B = Non-inter-level travel time spent in this place.
 C = Inter-level travel time spent in this place.
 D = Time resting spent in this place.
 E = Time spent auto-exploring this place.
 F = Levels seen in this place.
 G = Mean time per level.
                   A        B        C        D        E       F      G
               +--------+--------+--------+--------+--------+-----+--------+
         Total |   1499 |   1499 |      0 |    906 |      0 |   1 | 1499.0 |
       Dungeon |   1499 |   1499 |      0 |    906 |      0 |   1 | 1499.0 |
               +--------+--------+--------+--------+--------+-----+--------+

Top non-repeatable levels by time:
       D: 1499 daAuts
